 Dungeon Crawl Stone Soup version 0.29.0-15-g675c0067aa (webtiles) character file.

Game seed: 9923028677320592770

4 qw the Sneak (level 1, -1/14 HPs)
             Began as a Gargoyle Delver on Sept 11, 2022.
             Slain by an orc
             ... wielding a +0 trident
              (7 damage)
             ... on level 4 of the Dungeon.
             The game lasted 00:00:47 (1780 turns).

qw the Sneak (Gargoyle Delver)                      Turns: 1780, Time: 00:00:48

Health: -1/14      AC:  5    Str: 15    XL:     1   Next: 60%
Magic:  1/1        EV: 11    Int: 10    God:
Gold:   40         SH:  0    Dex: 11    Spells: 0/0 levels left

rFire   . . .      SeeInvis .   a - +0 hand axe
rCold   . . .      Faith    .   (no shield)
rNeg    + . .      Spirit   .   b - +0 leather armour
rPois   inf        Reflect  .   (no helmet)
rElec   +          Harm     .   (no cloak)
rCorr   .          Rampage  .   (no gloves)
Will    .....                   (no boots)
Stlth   +++.......              (no amulet)
HPRegen 0.04/turn               (no ring)
MPRegen 0.07/turn               (no ring)

@: no status effects
A: sickness immunity, AC +2, negative energy resistance 1, electricity
resistance, torment resistance 1, petrification resistance
a: no special abilities


You were on level 4 of the Dungeon.
You visited 1 branch of the dungeon, and saw 2 of its levels.

You collected 40 gold pieces.


Innate Abilities, Weirdness & Mutations

You are immune to sickness and miasma.
Your stone body is resilient. (AC +2)
You are immune to poison.
You resist negative energy. (rN+)
You are resistant to electric shocks. (rElec)
You are resistant to unholy torment.
You are immune to petrification.


   Skills:
 - Level 3.2 Fighting
 + Level 2.1 Axes
 - Level 1.5 Dodging
 - Level 5.4 Stealth


You couldn't memorise any spells.
You didn't know any spells.
Your spell library was empty.

Inventory:

Hand Weapons
 a - a +0 hand axe (weapon)
Armour
 b - a +0 leather armour (worn)
Wands
 g - a wand of digging (3)
Potions
 c - a potion of invisibility {unknown}
 f - a potion of haste

Dungeon Overview and Level Annotations

Branches:
Dungeon (5/15)
 Temple: D:4-7

Altars:
Okawaru


Message History

You closely miss the jackal. The jackal bites you.
The jackal barks!
You hit the jackal.
The jackal is almost dead.
You hit the jackal but do no damage.
You hear a shout!
The jackal barely misses you. x2; The jackal misses you.
You closely miss the jackal.
The jackal is almost dead.
You hit the jackal but do no damage. The jackal completely misses you. x2
An orc comes into view. It is wielding a +0 trident.
The jackal closely misses you. The jackal bites you.
You closely miss the jackal.
The jackal is almost dead.
You barely miss the jackal. The jackal bites you.
The jackal bites you but does no damage.
The jackal barely misses you.
You hit the jackal.
You kill the jackal!
You hit the jackal. The jackal completely misses you.
The jackal barely misses you.
You closely miss the jackal.
The jackal is moderately wounded.
The jackal barely misses you. The jackal misses you.
You closely miss the jackal.
The jackal is moderately wounded.
The jackal bites you.
You hit the jackal.
The jackal is severely wounded.
The jackal bites you but does no damage.
The jackal bites you.
You miss the jackal.
The jackal is severely wounded.
The jackal bites you but does no damage.
The orc hits you from afar with a +0 trident!
Ouch! That really hurt!
You die...

### ###.. ...# #..# #..#
### #..# ##
####.######..#######...#
~.....#.......!..ho..<..
~............###@#.###.#
........###.## #%# #
~.......# #.# #.#
~.....#.###.####.#
##........#...##.#
#.....#.#.###.##.#
............#.##.#
#.....#>#...#.##.#
##.............


You could see an orc and a jackal.

Vanquished Creatures
  An endoplasm (D:4)
  A jackal (D:4)
  A quokka (D:4)
3 creatures vanquished.

Vanquished Creatures (others)
  12 plants (D:4)
12 creatures vanquished.

Grand Total: 15 creatures vanquished

Notes
Turn   | Place    | Note
-------+----------+-------------------------------------------
     0 | D:5      | qw the Gargoyle Delver began the quest for the Orb.
     0 | D:5      | Reached XP level 1. HP: 14/14 MP: 1/1
     0 | D:5      | 0 ||| qw: Version: 0.1-a-117-gfe26ee0
     0 | D:5      | 0 ||| qw: Game counter: 10036
     0 | D:5      | 0 ||| qw: Always use a shield: true
     0 | D:5      | 0 ||| qw: God list: Okawaru
     0 | D:5      | 0 ||| qw: Allow faded altars: false
     0 | D:5      | 0 ||| qw: Do Orc after D:15 true
     0 | D:5      | 0 ||| qw: Do second Lair branch before Depths: true
     0 | D:5      | 0 ||| qw: Lair rune preference: random
     0 | D:5      | 0 ||| qw: Plans: Normal
     0 | D:5      | 0 ||| PLANNING D:1-11
    13 | D:5      | 13 ||| DROPPING scroll of fog.
    14 | D:5      | 14 ||| DROPPING scroll of magic mapping.
    15 | D:5      | 15 ||| DROPPING scroll of fear.
    17 | D:5      | Noticed an ogre
    18 | D:5      | 18 ||| FLEEEEING.
    19 | D:5      | 19 ||| FLEEEEING.
    20 | D:5      | 20 ||| FLEEEEING.
    21 | D:5      | 21 ||| FLEEEEING.
    22 | D:5      | 22 ||| STAIRDANCE
    40 | D:4      | Found an iron altar of Okawaru.
    67 | D:4      | 67 ||| DRINKING 2 yellow potions.
   171 | D:4      | 171 ||| DROPPING potion of berserk rage.
   187 | D:4      | 187 ||| FLEEEEING.
   188 | D:4      | 188 ||| FLEEEEING.
   189 | D:4      | 189 ||| FLEEEEING.
   190 | D:4      | 190 ||| FLEEEEING.
   191 | D:4      | 191 ||| FLEEEEING.
   192 | D:4      | 192 ||| FLEEEEING.
   193 | D:4      | 193 ||| FLEEEEING.
   194 | D:4      | 194 ||| FLEEEEING.
   370 | D:4      | 370 ||| FLEEEEING.
   371 | D:4      | 371 ||| FLEEEEING.
   372 | D:4      | 372 ||| FLEEEEING.
   373 | D:4      | 373 ||| FLEEEEING.
   374 | D:4      | 374 ||| FLEEEEING.
   375 | D:4      | 375 ||| FLEEEEING.
   400 | D:4      | 400 ||| FLEEEEING.
   401 | D:4      | 401 ||| FLEEEEING.
   402 | D:4      | 402 ||| FLEEEEING.
   403 | D:4      | 403 ||| FLEEEEING.
   404 | D:4      | 404 ||| FLEEEEING.
   405 | D:4      | 405 ||| FLEEEEING.
   430 | D:4      | 430 ||| FLEEEEING.
   431 | D:4      | 431 ||| FLEEEEING.
   432 | D:4      | 432 ||| FLEEEEING.
   433 | D:4      | 433 ||| FLEEEEING.
   434 | D:4      | 434 ||| FLEEEEING.
   435 | D:4      | 435 ||| FLEEEEING.
   470 | D:4      | 470 ||| FLEEEEING.
   471 | D:4      | 471 ||| FLEEEEING.
   472 | D:4      | 472 ||| FLEEEEING.
   473 | D:4      | 473 ||| FLEEEEING.
   474 | D:4      | 474 ||| FLEEEEING.
   475 | D:4      | 475 ||| FLEEEEING.
   500 | D:4      | 500 ||| FLEEEEING.
   501 | D:4      | 501 ||| FLEEEEING.
   502 | D:4      | 502 ||| FLEEEEING.
   503 | D:4      | 503 ||| FLEEEEING.
   504 | D:4      | 504 ||| FLEEEEING.
   505 | D:4      | 505 ||| FLEEEEING.
   530 | D:4      | 530 ||| FLEEEEING.
   531 | D:4      | 531 ||| FLEEEEING.
   532 | D:4      | 532 ||| FLEEEEING.
   533 | D:4      | 533 ||| FLEEEEING.
   534 | D:4      | 534 ||| FLEEEEING.
   535 | D:4      | 535 ||| FLEEEEING.
   819 | D:4      | 819 ||| FLEEEEING.
   820 | D:4      | 820 ||| FLEEEEING.
   821 | D:4      | 821 ||| FLEEEEING.
   822 | D:4      | 822 ||| FLEEEEING.
   823 | D:4      | 823 ||| FLEEEEING.
   824 | D:4      | 824 ||| FLEEEEING.
   850 | D:4      | 850 ||| FLEEEEING.
   851 | D:4      | 851 ||| FLEEEEING.
   852 | D:4      | 852 ||| FLEEEEING.
   853 | D:4      | 853 ||| FLEEEEING.
   854 | D:4      | 854 ||| FLEEEEING.
   855 | D:4      | 855 ||| FLEEEEING.
   856 | D:4      | 856 ||| FLEEEEING.
   994 | D:4      | 994 ||| FLEEEEING.
   995 | D:4      | 995 ||| FLEEEEING.
   996 | D:4      | 996 ||| FLEEEEING.
   997 | D:4      | 997 ||| FLEEEEING.
   998 | D:4      | 998 ||| FLEEEEING.
   999 | D:4      | 999 ||| FLEEEEING.
  1024 | D:4      | 1024 ||| FLEEEEING.
  1025 | D:4      | 1025 ||| FLEEEEING.
  1026 | D:4      | 1026 ||| FLEEEEING.
  1027 | D:4      | 1027 ||| FLEEEEING.
  1028 | D:4      | 1028 ||| FLEEEEING.
  1029 | D:4      | 1029 ||| FLEEEEING.
  1094 | D:4      | 1094 ||| FLEEEEING.
  1095 | D:4      | 1095 ||| FLEEEEING.
  1096 | D:4      | 1096 ||| FLEEEEING.
  1097 | D:4      | 1097 ||| FLEEEEING.
  1098 | D:4      | 1098 ||| FLEEEEING.
  1099 | D:4      | 1099 ||| FLEEEEING.
  1125 | D:4      | 1125 ||| FLEEEEING.
  1126 | D:4      | 1126 ||| FLEEEEING.
  1127 | D:4      | 1127 ||| FLEEEEING.
  1128 | D:4      | 1128 ||| FLEEEEING.
  1129 | D:4      | 1129 ||| FLEEEEING.
  1130 | D:4      | 1130 ||| FLEEEEING.
  1131 | D:4      | 1131 ||| FLEEEEING.
  1157 | D:4      | 1157 ||| FLEEEEING.
  1158 | D:4      | 1158 ||| FLEEEEING.
  1159 | D:4      | 1159 ||| FLEEEEING.
  1160 | D:4      | 1160 ||| FLEEEEING.
  1161 | D:4      | 1161 ||| FLEEEEING.
  1162 | D:4      | 1162 ||| FLEEEEING.
  1163 | D:4      | 1163 ||| FLEEEEING.
  1269 | D:4      | 1269 ||| FLEEEEING.
  1270 | D:4      | 1270 ||| FLEEEEING.
  1271 | D:4      | 1271 ||| FLEEEEING.
  1272 | D:4      | 1272 ||| FLEEEEING.
  1273 | D:4      | 1273 ||| FLEEEEING.
  1274 | D:4      | 1274 ||| FLEEEEING.
  1299 | D:4      | 1299 ||| FLEEEEING.
  1300 | D:4      | 1300 ||| FLEEEEING.
  1301 | D:4      | 1301 ||| FLEEEEING.
  1302 | D:4      | 1302 ||| FLEEEEING.
  1303 | D:4      | 1303 ||| FLEEEEING.
  1304 | D:4      | 1304 ||| FLEEEEING.
  1329 | D:4      | 1329 ||| FLEEEEING.
  1330 | D:4      | 1330 ||| FLEEEEING.
  1331 | D:4      | 1331 ||| FLEEEEING.
  1332 | D:4      | 1332 ||| FLEEEEING.
  1333 | D:4      | 1333 ||| FLEEEEING.
  1334 | D:4      | 1334 ||| FLEEEEING.
  1395 | D:4      | 1395 ||| FLEEEEING.
  1396 | D:4      | 1396 ||| FLEEEEING.
  1397 | D:4      | 1397 ||| FLEEEEING.
  1398 | D:4      | 1398 ||| FLEEEEING.
  1399 | D:4      | 1399 ||| FLEEEEING.
  1400 | D:4      | 1400 ||| FLEEEEING.
  1401 | D:4      | 1401 ||| FLEEEEING.
  1444 | D:4      | 1444 ||| FLEEEEING.
  1445 | D:4      | 1445 ||| FLEEEEING.
  1446 | D:4      | 1446 ||| FLEEEEING.
  1447 | D:4      | 1447 ||| FLEEEEING.
  1448 | D:4      | 1448 ||| FLEEEEING.
  1449 | D:4      | 1449 ||| FLEEEEING.
  1544 | D:4      | 1544 ||| FLEEEEING.
  1545 | D:4      | 1545 ||| FLEEEEING.
  1546 | D:4      | 1546 ||| FLEEEEING.
  1547 | D:4      | 1547 ||| FLEEEEING.
  1548 | D:4      | 1548 ||| FLEEEEING.
  1549 | D:4      | 1549 ||| FLEEEEING.
  1644 | D:4      | 1644 ||| FLEEEEING.
  1645 | D:4      | 1645 ||| FLEEEEING.
  1646 | D:4      | 1646 ||| FLEEEEING.
  1647 | D:4      | 1647 ||| FLEEEEING.
  1648 | D:4      | 1648 ||| FLEEEEING.
  1649 | D:4      | 1649 ||| FLEEEEING.
  1694 | D:4      | 1694 ||| FLEEEEING.
  1695 | D:4      | 1695 ||| FLEEEEING.
  1696 | D:4      | 1696 ||| FLEEEEING.
  1697 | D:4      | 1697 ||| FLEEEEING.
  1698 | D:4      | 1698 ||| FLEEEEING.
  1699 | D:4      | 1699 ||| FLEEEEING.
  1770 | D:4      | 1770 ||| Stepping ~*~*~tactically~*~*~ (stealth).
  1780 | D:4      | Slain by an orc

Levels and vault maps discovered:
D:4:      layout_loops_ring, mainiacjoe_overflow_alcove_2,
          kennysheep_okawaru_gauntlet, chequers_garden, serial_bayou_crossing
D:5:      layout_basic, dk_noncrumbling_3

Skill      XL: |  1 |
---------------+----+-----
Axes           | 2 |  2.1
Fighting       | |  3.2
Dodging        | |  1.5
Stealth        | |  5.4

Action                   || total
-------------------------++-------
Melee: Hand axe          ||    18
  Use: Potion            ||     1
Armor: Leather armour    ||    22
Dodge: Dodged            ||    44

Table legend:
 A = Non-vault XP
 B = Vault XP
 C = Vault XP percentage of total XP
 D = Non-vault monster count
 E = Vault monster count
 F = Vault count percentage of total count
                 A         B        C        D         E       F
            +---------+---------+-------+---------+---------+-------
      Total |       6 |       0 |   0.0 |       3 |       0 |   0.0
            +---------+---------+-------+---------+---------+-------
        D:4 |       6 |       0 |   0.0 |       3 |       0 |   0.0
            +---------+---------+-------+---------+---------+-------
